 Dungeon Crawl Stone Soup version 0.19-a0-1875-g4fea3da (webtiles) character file.

212 graki42 the Sneak (level 5, -1/37 HPs)
             Began as an Octopode Monk on Oct 13, 2016.
             Slain by Dowan
             ... wielding a +0 dagger
              (6 damage)
             ... on level 4 of the Dungeon.
             The game lasted 00:04:33 (2151 turns).

graki42 the Sneak (Octopode Monk)                   Turns: 2151, Time: 00:04:33

Health: -1/37      AC:  1    Str: 10    XL:     5   Next: 90%
Magic:  5/5        EV: 15    Int: 13    God:
Gold:   136        SH:  0    Dex: 15    Spells: 0 memorised, 4 levels left

rFire  . . .     SeeInvis .       - Unarmed
rCold  . . .     Gourm    .     (no shield)
rNeg   . . .     Faith    .     (helmet restricted)
rPois  .         Spirit   .     (no amulet)
rElec  .         Dismiss  .     (no ring)
rCorr  .         Reflect  .     (no ring)
MR     .....     Harm     .     (no ring)
Stlth  ++++......               (no ring)
                                (no ring)
                                (no ring)
                                (no ring)
                                (no ring)

@: no status effects
A: almost no armour, stealthy swim, amphibious, 8 rings, constrict 8, camouflage
1, gelatinous body 1
a: no special abilities


You were on level 4 of the Dungeon.
You were not hungry.

You visited 1 branch of the dungeon, and saw 4 of its levels.

You collected 136 gold pieces.

Inventory:

Armour
 l - a +1 buckler of fire resistance
Jewellery
 b - a +3 ring of strength {unknown}
Scrolls
 d - 5 scrolls of identify {unknown}
 f - a scroll of blinking {unknown}
 h - 2 scrolls of teleportation {unknown}
 j - a scroll of immolation {unknown}
 m - a scroll of enchant armour {unknown}
 n - a scroll of fear {unknown}
 o - a scroll of enchant weapon {unknown}
 r - 2 scrolls of magic mapping {unknown}
 s - a scroll of noise {unknown}
 t - a scroll of remove curse {unknown}
Potions
 c - a potion of flight {unknown}
 e - a potion of heal wounds {unknown}
 g - 2 potions of ambrosia {unknown}
 i - a potion of might {unknown}
 p - a potion of degeneration {unknown}
 q - a potion of mutation {unknown}
Comestibles
 a - 3 bread rations
 k - 2 meat rations


   Skills:
 + Level 3.7 Fighting
 + Level 3.9 Dodging
 + Level 5.0 Stealth
 + Level 4.4 Unarmed Combat


You had 4 spell levels left.
You didn't know any spells.

Dungeon Overview and Level Annotations

Branches:
Dungeon (4/15)
 Temple: D:4-7

Altars:
Ashenzari
Dithmenos
Zin

Annotations:
D:4 Dowan


Innate Abilities, Weirdness & Mutations

You cannot wear most types of armour.
You are very stealthy in the water. (Stealth+)
You are amphibious.
You can wear up to eight rings at the same time.
You can use your tentacles to constrict eight enemies at once.
Your skin changes colour to match your surroundings (Stealth+).
Your rubbery body absorbs attacks. (AC +1, EV +1)


Message History

Dowan is lightly wounded.
You constrict Dowan. Dowan hits you with a dagger.
* * * LOW HITPOINT WARNING * * *
You tentacle-slap Dowan.
Dowan is moderately wounded.
You constrict Dowan. Dowan completely misses you. Dowan misses you.
You tentacle-slap Dowan but do no damage.
You squeeze Dowan.
Dowan is moderately wounded.
You constrict Dowan, but do no damage. Dowan barely misses you.
You tentacle-slap Dowan but do no damage.
Dowan is moderately wounded.
You constrict Dowan. Dowan gestures at you while chanting.
The stone arrow hits you!
* * * LOW HITPOINT WARNING * * *
You bludgeon Dowan!
Your tentacle-slap misses Dowan.
Dowan is severely wounded.
You constrict Dowan. Dowan hits you with a dagger.
You die...

#### . #....[ # ##. #....
#...###.#.. .####....
.#.....).#.## .........
..... .... ........#
#..#####.####
#.......#####..#........#
#.......@eS...>..........
#.....$.#####...........#
#####$#...............###
# #.#.............# #
#.#.............# #
#.#...).........###
#.#..............).
#.#................
#.#........####....


You could see Dowan and an adder.

Vanquished Creatures
  Duvessa (D:4)
  A worker ant (D:4)
  4 adders
  A worm (D:2)
  A dart slug (D:1)
  4 leopard geckos
  2 orcs
  2 giant cockroaches
  4 goblins
  6 hobgoblins
  8 jackals
  6 bats
  5 frilled lizards (D:1)
  3 kobolds
  2 rats (D:2)
50 creatures vanquished.

Notes
Turn   | Place    | Note
-------+----------+-------------------------------------------
     0 | D:1      | graki42 the Octopode Monk began the quest for the Orb.
     0 | D:1      | Reached XP level 1. HP: 16/16 MP: 1/1
   103 | D:1      | Reached XP level 2. HP: 13/21 MP: 2/2
   711 | D:1      | Reached XP level 3. HP: 25/26 MP: 3/3
   827 | D:2      | Reached skill level 3 in Stealth
  1228 | D:2      | Found a faded altar of an unknown god.
  1228 | D:2      | Found a shadowy altar of Dithmenos.
  1233 | D:2      | Found a faded altar of an unknown god.
  1235 | D:2      | Found a faded altar of an unknown god.
  1236 | D:2      | Found a glowing silver altar of Zin.
  1377 | D:2      | Found a shattered altar of Ashenzari.
  1469 | D:2      | Reached XP level 4. HP: 31/31 MP: 4/4
  2065 | D:4      | Reached skill level 4 in Stealth
  2065 | D:4      | Reached XP level 5. HP: 32/36 MP: 5/5
  2119 | D:4      | Noticed Dowan
  2120 | D:4      | Noticed Duvessa
  2146 | D:4      | Killed Duvessa
  2146 | D:4      | Reached skill level 5 in Stealth
  2151 | D:4      | Slain by Dowan

Vault maps used:
D:1:      sevenhm_arrival_forest_fort_large_4, minmay_pentomino_t4
D:2:      chequers_temple_overflow_minitemple, lemuel_coloured_pillars_altar
D:3:      overflow_temple_1_default, first_bread, st_stairs_11
D:4:      led_sif_pool, uniq_duvessa

Skill      XL: |  1  2  3  4  5 |
---------------+----------------+-----
Stealth        | 3 4 5 |  5.0
Unarmed Combat | 4 |  4.4
Fighting       | |  3.7
Dodging        | |  3.9

Action                   |  1- 3 |  4- 6 || total
-------------------------+-------+-------++-------
Melee: Unarmed           |    72 |    50 ||   122
       Constrict         |    19 |     9 ||    28
       Tentacles         |    15 |    15 ||    30
       Punch             |     1 |     3 ||     4
 Stab: Sleeping          |    10 |     6 ||    16
  Eat: Chunk             |     2 |     2 ||     4
Armor: Skin              |     5 |     1 ||     6
Dodge: Dodged            |    44 |    23 ||    67
